 Dungeon Crawl Stone Soup version 0.31-a0-836-g3ceb0a68c4 (webtiles) character file.

Game seed: 13999133931685477087

371 senseless the Changeling (level 6, -3/47 HPs)
             Began as a Merfolk Shapeshifter on Sept 26, 2023.
             Slain by Menkaure (18 damage)
             ... on level 4 of the Dungeon.
             The game lasted 00:06:20 (2521 turns).

senseless the Changeling (Merfolk Shapeshifter)     Turns: 2521, Time: 00:06:21

Health: -3/47      AC:  2    Str: 22    XL:     6   Next: 70%
Magic:  6/6        EV: 19    Int:  9    God:
Gold:   121        SH:  0    Dex: 14    Spells: 5/5 levels left

rFire   . .          .
                       - Unarmed
rCold   . . .        (no shield)
rNeg    . . .        h - +0 animal skin
rPois   .            (helmet currently unavailable)
rElec   .            (cloak currently unavailable)
rCorr   .            (gloves currently unavailable)
SInv    .            (boots currently unavailable)
Will    .....        x - amulet of faith
Stlth   +            k - +6 ring of strength
HPRegen 0.27/turn    C - +5 ring of evasion
MPRegen 0.10/turn

%: faith
@: beast-form
A: beast (slay +3), (nimble swimmer 2), mertail
a: Begin Untransformation


You were on level 4 of the Dungeon.
You were a hulking beast.
You visited 1 branch of the dungeon, and saw 4 of its levels.

You collected 121 gold pieces.

Inventory:

Hand Weapons
 a - a +0 sling of electrocution
Missiles
 l - 3 curare-tipped darts
 m - 5 datura-tipped darts
Armour
 e - a +0 cloak
 h - a +0 animal skin (worn)
 i - a +0 pair of gloves
 s - a scarf of harm
 v - a +1 scale mail of cold resistance
 y - a +2 buckler of positive energy
 z - a +0 helmet
 A - a +0 helmet
Jewellery
 k - a +6 ring of strength (left hand)
 x - an amulet of faith (around neck)
 C - a +5 ring of evasion (right hand)
 E - a ring of wizardry
 H - an amulet of the acrobat
Talismans
 c - a beast talisman (active)
 d - a flux talisman
 D - a blade talisman
Wands
 t - a wand of roots (8)
 B - a wand of flame (7)
Scrolls
 g - 5 scrolls of immolation
 j - 2 scrolls of teleportation {unknown}
 o - a scroll of identify {unknown}
 q - a scroll of enchant weapon {unknown}
 u - a scroll of vulnerability {unknown}
 w - a scroll of fog {unknown}
 F - a scroll of noise {unknown}
Potions
 b - a potion of lignification
 f - 3 potions of heal wounds {unknown}
 n - a potion of attraction {unknown}
 p - 2 potions of enlightenment {unknown}
 r - a potion of brilliance {unknown}
 G - a potion of mutation {unknown}


   Skills:
 + Level 3.2 Fighting
 + Level 4.7 Dodging
 + Level 4.5 Unarmed Combat
 * Level 6.4 Shapeshifting


You had 5 spell levels left.
You didn't know any spells.
Your spell library contained the following spells:

 Spells                   Type           Power      Damage    Failure   Level
 Apportation              Tloc           0%         N/A       38%         1
 Necrotise                Necr           0%         1d4       38%         1
 Summon Small Mammal      Summ           0%         N/A       38%         1


Dungeon Overview and Level Annotations

Branches:
Dungeon (4/15)
 Temple: D:4-7

Altars:
Elyvilon
Zin

Annotations:
D:4 Menkaure


Innate Abilities, Weirdness & Mutations

You are a hulking beast.
Your limbs bulge with bestial killing power. (Slay +3)
((You are very nimble when in or above water. (Stealth+, EV+, Speed+++)))
Your lower body shifts to a powerful aquatic tail in water.


Message History

The sling bullet barely misses the goblin.
The goblin shouts!
You shoot a sling bullet.
The sling bullet barely misses the goblin.
You shoot a sling bullet. The sling bullet hits the goblin.
You kill the goblin!
No target in view!
H - an amulet of the acrobat
Things that are here:
a +0 club; a goblin corpse
Found 5 stones.
You see here 5 stones.
A kobold comes into view. It is wielding a +0 club.
You shoot a sling bullet. The sling bullet hits the kobold!
You kill the kobold!
No target in view!
You pick up a book of Cantrips and begin reading...
You add the spells Necrotise, Summon Small Mammal and Apportation to your library.
Menkaure, Prince of Dust comes into view.
Menkaure shouts!
You shoot a sling bullet. The sling bullet hits Menkaure!
Menkaure is moderately damaged.
Menkaure gestures wildly while chanting.
Menkaure seems to speed up.
You shoot a sling bullet. The sling bullet hits Menkaure.
Menkaure is heavily damaged.
You shoot a sling bullet.
The sling bullet barely misses Menkaure.
Menkaure calls on the powers of darkness!
Your body is wracked with pain!
Menkaure barely misses you.
Your +0 sling of electrocution stops crackling.
You are now empty-handed.
Menkaure calls on the powers of darkness!
Your body is wracked with pain!
* * * LOW HITPOINT WARNING * * *
You are too injured to fight recklessly!
You hit Menkaure.
Menkaure is heavily damaged.
Menkaure hits you!!
You die...

#.. .. . .
##. #.# #.#
#.### #h..##
#M#...### ##
...###...###
###. ....#
###...###
##... ......
###...###....
.###..
###..#.....
#. ###......
#. ##.......
##........


You could see Menkaure (fast).

Vanquished Creatures
  A scorpion (D:4)
  A hound (D:3)
  Natasha (thrice) (D:3)
  Terence (D:3)
  2 orc wizards (D:4)
  Robin (D:3)
  A gnoll (D:1)
  2 adders
  2 dart slugs (D:1)
  An orc (D:4)
  8 endoplasms
  7 giant cockroaches (D:1)
  12 goblins
  9 hobgoblins
  9 jackals
  2 quokkas
  6 ball pythons
  4 bats
  4 frilled lizards
  2 kobolds
  11 rats
89 creatures vanquished.

Notes
Turn   | Place    | Note
-------+----------+-------------------------------------------
     0 | D:1      | senseless the Merfolk Shapeshifter began the quest for the
                  | Orb.
     0 | D:1      | Reached XP level 1. HP: 15/15 MP: 1/1
    66 | D:1      | Reached XP level 2. HP: 11/21 MP: 2/2
   236 | D:1      | Reached XP level 3. HP: 23/27 MP: 3/3
   261 | D:1      | Found a faded altar of an unknown god.
   798 | D:2      | Reached XP level 4. HP: 33/33 MP: 4/4
   999 | D:2      | Reached skill level 5 in Shapeshifting
  1183 | D:3      | Found a white marble altar of Elyvilon.
  1266 | D:3      | Found a glowing silver altar of Zin.
  1306 | D:3      | Reached XP level 5. HP: 39/39 MP: 5/5
  1338 | D:3      | Noticed Natasha
  1342 | D:3      | Noticed Robin
  1495 | D:3      | Noticed Terence
  1505 | D:3      | Killed Terence
  1587 | D:3      | Killed Natasha
  1597 | D:3      | Noticed Natasha
  1609 | D:3      | Killed Natasha
  1617 | D:3      | Killed Robin
  2036 | D:3      | Noticed Natasha
  2037 | D:3      | Killed Natasha
  2038 | D:3      | Reached skill level 6 in Shapeshifting
  2038 | D:3      | Reached XP level 6. HP: 46/46 MP: 6/6
  2516 | D:4      | Noticed Menkaure
  2521 | D:4      | Slain by Menkaure

Illustrated notes

Levels and vault maps discovered:
D:1:      dpeg_chamrin_arrival_tetris, layout_rooms,
          hellmonk_ecumenical_altar_blasted
D:2:      layout_rooms, minmay_split_cup_large
D:3:      layout_basic, grunt_temple_overflow_open, uniq_terence, uniq_natasha,
          uniq_robin
D:4:      layout_cave_pods, minmay_temple_entry_poolview, uniq_menkaure

Skill      XL: |  1  2  3  4  5  6 |
---------------+-------------------+-----
Dodging        | 3 4 |  4.7
Fighting       | 2 3 |  3.2
Shapeshifting  | 5 6 |  6.4
Unarmed Combat | 4 |  4.5

Action                     |  1- 3 |  4- 6 || total
---------------------------+-------+-------++-------
  Melee: Unarmed           |    77 |    58 ||   135
         Punch             |     1 |     1 ||     2
   Fire: Sling             |    21 |    71 ||    92
   Stab: Sleeping          |     1 |       ||     1
 Armour: Animal skin       |    29 |    45 ||    74
  Dodge: Dodged            |    47 |    52 ||    99

Table legend: (Time is in decaauts)
 A = Elapsed time spent in this place.
 B = Non-inter-level travel time spent in this place.
 C = Inter-level travel time spent in this place.
 D = Time resting spent in this place.
 E = Time spent auto-exploring this place.
 F = Levels seen in this place.
 G = Mean time per level.
                   A        B        C        D        E       F      G
               +--------+--------+--------+--------+--------+-----+--------+
         Total |   2536 |   2324 |    212 |    115 |   1581 |   4 |  634.0 |
       Dungeon |   2536 |   2324 |    212 |    115 |   1581 |   4 |  634.0 |
               +--------+--------+--------+--------+--------+-----+--------+

Top non-repeatable levels by time:
     D:3: 751 daAuts
     D:1: 705 daAuts
     D:2: 610 daAuts
     D:4: 469 daAuts
